 Dungeon Crawl Stone Soup version 0.25.1-8-g42b30a86e7 (webtiles) character file.

Game seed: 360906255861537396

861 KamiKatze the Slicer (level 7, -3/35 HPs)
             Began as a Spriggan Assassin on Dec 23, 2020.
             Slain by Grinder (6 damage)
             ... on level 5 of the Dungeon.
             The game lasted 00:34:49 (6834 turns).

KamiKatze the Slicer (Spriggan Assassin)            Turns: 6834, Time: 00:34:50

Health: -3/35      AC:  5    Str:  7    XL:     7   Next: 71%
Magic:  8/8        EV: 19    Int: 14    God:
Gold:   240        SH:  0    Dex: 18    Spells: 6/6 levels left

rFire    . . .     SeeInvis +   a - +2 dagger
rCold    + . .     Gourm    .   (shield restricted)
rNeg     . . .     Faith    .   D - +2 robe {rC+}
rPois    .         Spirit   .   (helmet restricted)
rElec    .         Reflect  .   c - +0 cloak
rCorr    .         Harm     .   (gloves unavailable)
MR       +....                  (boots unavailable)
Stlth    ++++......             (no amulet)
HPRegen  0.11/turn              (no ring)
MPRegen  0.11/turn              (no ring)

@: very quick
A: very small, unfitting armour, see invisible, herbivore, speed 3, slow
metabolism 2
a: no special abilities


You were on level 5 of the Dungeon.
You were not hungry.

You visited 1 branch of the dungeon, and saw 5 of its levels.

You collected 240 gold pieces.

Inventory:

Hand Weapons
 a - a +2 dagger (weapon)
 b - a +0 short sword
 s - a +1 hunting sling of freezing
Missiles
 k - 79 stones (quivered)
 B - 19 arrows
Armour
 c - a +0 cloak (worn)
 v - the +2 robe "Nojuq" {rElec rC- Int+3 Dex+2}
   (You found it on level 4 of the Dungeon)

   It affects your intelligence (+3).
   It affects your dexterity (+2).
   It makes you vulnerable to cold.
   It insulates you from electricity.
 D - a +2 robe of cold resistance (worn)
Wands
 e - a wand of random effects (25)
 w - a wand of polymorph (2)
Scrolls
 i - a scroll of fog
 j - 2 scrolls of magic mapping {unknown}
 l - 2 scrolls of teleportation
 m - 2 scrolls of identify
 q - 2 scrolls of remove curse
 r - a scroll of immolation {unknown}
 t - a scroll of amnesia
 u - a scroll of enchant weapon {unknown}
 y - 2 scrolls of fear {unknown}
 z - a scroll of blinking {unknown}
Potions
 h - a potion of haste
 n - a potion of might
 o - a potion of stabbing
 p - a potion of heal wounds
 x - a potion of brilliance
 A - a potion of curing
 C - a potion of lignification
Comestibles
 f - 12 rations


   Skills:
 + Level 2.8 Fighting
 + Level 13.9 Short Blades
 + Level 3.1 Throwing
 + Level 4.0 Dodging
 + Level 7.2 Stealth


You had 6 spell levels left.
You didn't know any spells.
Your spell library was empty.

Dungeon Overview and Level Annotations

Branches:
Dungeon (5/15)
 Temple: D:4-7

Altars:

Annotations:
D:5 exclusion: slave, Dowan, Grinder


Innate Abilities, Weirdness & Mutations

You are very small and have problems with some larger weapons.
You are too small for most types of armour.
You have supernaturally acute eyesight. (SInv)
You are a herbivore.
You cover ground extremely quickly.
You need to consume almost no food.


Message History

The stone hits Grinder but does no damage.
Grinder is severely wounded.
Throwing (i - inventory)
k - 81 stones (quivered)
Press: ? - help, Shift-Dir - straight line, f/p - Grinder
Aim: Grinder (severely wounded, very poisoned)
You throw a stone. The stone barely misses Grinder.
Throwing (i - inventory)
k - 80 stones (quivered)
Press: ? - help, Shift-Dir - straight line, f/p - Grinder
Aim: Grinder (severely wounded, very poisoned)
You throw a stone. The stone barely misses Grinder.
Grinder hits you.
* * * LOW HITPOINT WARNING * * *
You writhe in agony.
* * * LOW HITPOINT WARNING * * *
Unknown command.
You hit Grinder.
Grinder is severely wounded.
Grinder hits you.
* * * LOW HITPOINT WARNING * * *
You writhe in agony.
You die...

################
..............(#
##############.#
#. #.# #e #.#
######. #(#
....... #5#
........# #@#
........# #(#
..[.....#### #.#
........<..# #.#
...........# #.#
...........# #.#
...........# #(#
...........##.#(#
........#.....#.#


You could see Grinder (very poisoned).

Vanquished Creatures
  Sigmund (D:4)
  An ogre (D:4)
  2 hounds (D:4)
  An iguana (D:4)
  2 orc wizards
  10 adders
  3 gnolls
  An ooze (D:3)
  An adder zombie (D:4)
  2 dart slugs
  5 leopard geckos
  6 orcs
  7 giant cockroaches
  11 goblins
  9 hobgoblins
  2 jackals (D:2)
  2 quokkas
  3 bats
  4 frilled lizards
  7 kobolds
  11 rats
91 creatures vanquished.

Notes
Turn   | Place    | Note
-------+----------+-------------------------------------------
     0 | D:1      | KamiKatze the Spriggan Assassin began the quest for the
                  | Orb.
     0 | D:1      | Reached XP level 1. HP: 10/10 MP: 2/2
   120 | D:1      | Reached XP level 2. HP: 12/15 MP: 3/3
  1676 | D:2      | Reached XP level 3. HP: 18/18 MP: 4/4
  1716 | D:2      | Reached skill level 3 in Short Blades
  2942 | D:1      | Reached XP level 4. HP: 9/23 MP: 5/5
  3925 | D:2      | Reached XP level 5. HP: 13/26 MP: 6/6
  4548 | D:3      | Reached skill level 4 in Short Blades
  5209 | D:5      | Entered Level 5 of the Dungeon
  5342 | D:4      | Noticed an ogre
  5347 | D:4      | Killed an ogre
  5347 | D:4      | Reached XP level 6. HP: 31/32 MP: 7/7
  5348 | D:4      | Reached skill level 13 in Short Blades
  5348 | D:4      | Reached XP level 7. HP: 34/35 MP: 8/8
  5360 | D:4      | Got a heavily jewelled robe
  5379 | D:4      | Identified the +2 robe "Nojuq" {rElec rC- Int+3 Dex+2} (You
                  | found it on level 4 of the Dungeon)
  5715 | D:4      | Noticed Sigmund
  5934 | D:4      | Killed Sigmund
  6184 | D:5      | Noticed Grinder
  6299 | D:5      | Noticed Dowan
  6505 | D:5      | Paralysed by Grinder for 6 turns
  6834 | D:5      | Slain by Grinder

Illustrated notes

Levels and vault maps discovered:
D:1:      eino_arrival_druids_welcome, layout_rooms
D:2:      layout_loops_ring
D:3:      kennysheep_six_static_rooms, layout_basic
D:4:      layout_basic, first_ration, uniq_sigmund
D:5:      layout_basic, lexackson_kobold_supper, uniq_pikel, uniq_grinder,
          uniq_duvessa

Skill      XL: |  1  2  3  4  5  6  7 |
---------------+----------------------+-----
Stealth        | 6 7 |  7.2
Dodging        | 2 3 4 |  4.0
Short Blades   | 3 4 13 | 13.9
Fighting       | 2 |  2.8
Throwing       | 3 |  3.1

Action                   |  1- 3 |  4- 6 |  7- 9 || total
-------------------------+-------+-------+-------++-------
Melee: Dagger            |   129 |   102 |    67 ||   298
       Short sword       |    28 |    23 |       ||    51
Throw: Stone             |    84 |       |    16 ||   100
       Dart              |    15 |    25 |    51 ||    91
  Use: Scroll            |     7 |     2 |     3 ||    12
       Potion            |       |     1 |       ||     1
 Stab: Sleeping          |     7 |    19 |     3 ||    29
  Eat: Ration            |       |     1 |     1 ||     2
Armor: Robe              |    16 |    15 |     4 ||    35
Dodge: Dodged            |    90 |    71 |    35 ||   196
